 Dungeon Crawl Stone Soup version 0.31-b1-18-g61460d1e46 (webtiles) character file.

Game seed: 17597079005998856621

38 NamelessAdventurer the Apothecary (level 3, 0/27 HPs)
             Began as a Hill Orc Alchemist on Jan 17, 2024.
             Slain by a ribbon worm (3 damage)
             ... on level 2 of the Dungeon.
             The game lasted 00:03:29 (777 turns).

NamelessAdventurer the Apothecary (HOAl)             Turns: 777, Time: 00:03:29

Health: 0/27       AC:  2    Str: 12    XL:     3   Next: 43%
Magic:  0/5        EV: 12    Int: 15    God:
Gold:   75         SH:  0    Dex: 11    Spells: 1/5 levels left

rFire   . . .        b - +0 dagger
rCold   . . .        (no shield)
rNeg    . . .        a - +0 robe
rPois   .            (no helmet)
rElec   .            (no cloak)
rCorr   .            (no gloves)
SInv    .            (no boots)
Will    .....        (no amulet)
Stlth   ++           (no ring)
HPRegen 0.24/turn    (no ring)
MPRegen 0.09/turn

%: no passive effects
@: attractive
A: no striking features
a: no special abilities


You were on level 2 of the Dungeon.
You visited 1 branch of the dungeon, and saw 2 of its levels.

You collected 75 gold pieces.

Inventory:

Hand Weapons
 b - a +0 dagger (weapon)
Missiles
 f - 2 throwing nets
Armour
 a - a +0 robe (worn)
Scrolls
 g - a scroll of identify {unknown}
Potions
 c - a potion of enlightenment {unknown}


   Skills:
 * Level 0.6 Fighting
 * Level 0.1 Short Blades
 * Level 0.3 Throwing
 * Level 0.6 Armour
 * Level 1.6 Dodging
 * Level 1.8 Stealth
 * Level 1.7 Spellcasting
 * Level 1.1 Conjurations
 * Level 0.9 Necromancy
 * Level 0.1 Air Magic
 * Level 2.7 Alchemy


You had one spell level left.
You knew the following spells:

 Your Spells              Type           Power      Damage    Failure   Level
a - Sting                 Conj/Alch      28%        1d4       10%         1
b - Necrotise             Necr           16%        1d4       16%         1
c - Mercury Vapours       Alch/Air       10%        N/A       19%         2

Your spell library contained the following spells:

 Spells                   Type           Power      Damage    Failure   Level
 Mephitic Cloud           Conj/Alch/Air  5%         N/A       36%         3
 Vampiric Draining        Necr           4%         2d6       43%         3
 Olgreb's Toxic Radiance  Alch           9%         N/A       58%         4
 Sticky Flame             Fire/Alch      5%         2d4       77%         4
 Martyr's Knell           Necr/Summ      2%         N/A       88%         4
 Curse of Agony           Necr           4%         N/A       99%         5


Dungeon Overview and Level Annotations

Branches:
Dungeon (2/15)

Altars:


Message History

Unknown command.
It was a potion of curing.
You feel better. The ribbon worm bites you.
You hit the ribbon worm.
The ribbon worm is moderately wounded.
The ribbon worm completely misses you.
You hit the ribbon worm but do no damage.
The ribbon worm is moderately wounded.
You hit the ribbon worm.
The ribbon worm is heavily wounded.
The ribbon worm bites you.
You hit the ribbon worm.
The ribbon worm is heavily wounded.
The ribbon worm bites you.
You hit the ribbon worm.
The ribbon worm is heavily wounded.
The ribbon worm expels a string of sticky webbing.
The stream of webbing misses you.
Casting: Necrotise (safe; 16% risk of failure)
Confirm with . or Enter, or press ? or * to list all spells.
Aiming: Sting (safe; 10% risk of failure)
Press: ? - help, Shift-Dir - straight line, f/p - ribbon worm
Aim: a ribbon worm (heavily wounded, catching its breath, 89% to hit)
The sting hits the ribbon worm.
The ribbon worm is poisoned.
The ribbon worm is severely wounded.
The ribbon worm bites you.
Unknown command.
It was a potion of attraction.
You feel attractive to monsters.
You hit the ribbon worm.
The ribbon worm is severely wounded.
The ribbon worm bites you.
* * * LOW HITPOINT WARNING * * *
You hit the ribbon worm.
The ribbon worm is severely wounded.
The ribbon worm bites you.
* * * LOW HITPOINT WARNING * * *
You hit the ribbon worm.
The ribbon worm is severely wounded.
The ribbon worm bites you.
You die...

*,,,,,,***,,,,,,,,* *,,
#......#..,....,,,* *,,
#......#.#,...,,,,* *,,
#......#.#....,,,,* *,,
#......#.#...,,,,,* *,,
##......#.#.###.#*****,,
#......>.........,,,,,,<
#.....†w.........,,,,,,,
*,****#@.<#,,,,,,,,,,,,,
*,* #..##.#,*,,,,,,,,,
*,* #.....#,*,*****,,,
*,* #.#####.#,* *,,,
***,#####.......#,* *,,,
*,,,#............,* *,,,
*,**#.###########** *,,,
*,* #.#........# *****
#.###.#.##..##.# *,,,,


You could see a ribbon worm (poisoned, catching breath).

Vanquished Creatures
  2 adders (D:2)
  2 dart slugs (D:2)
  2 ball pythons
  An endoplasm (D:1)
  A giant cockroach (D:1)
  A goblin (D:1)
  3 bats
  A frilled lizard (D:2)
  3 kobolds (D:2)
  3 rats
19 creatures vanquished.

Notes
Turn   | Place    | Note
-------+----------+-------------------------------------------
     0 | D:1      | NamelessAdventurer the Hill Orc Alchemist began the quest
                  | for the Orb.
     0 | D:1      | Reached XP level 1. HP: 14/14 MP: 3/3
    91 | D:1      | Learned a level 1 spell: Necrotise
   203 | D:1      | Reached XP level 2. HP: 20/20 MP: 2/4
   206 | D:1      | Learned a level 2 spell: Mercury Vapours
   723 | D:2      | Reached XP level 3. HP: 23/27 MP: 3/5
   777 | D:2      | Slain by a ribbon worm

Illustrated notes

Levels and vault maps discovered:
D:1:      sevenhm_arrival_forest_fort_large_4, layout_loops_cross,
          serial_rivers, chequers_serial_rivers_micro_d,
          chequers_serial_rivers_small_3, chequers_serial_rivers_micro_c,
          chequers_serial_rivers_micro_e, chequers_serial_rivers_small_b,
          shapermc_ecumenical_altar_mp_ritualfount, grunt_decor_cap
D:2:      layout_basic

Action                     || total
---------------------------++-------
  Melee: Dagger            ||    20
   Cast: Sting             ||    16
         Necrotise         ||     8
         Mercury Vapours   ||     3
    Use: Potion            ||     3
         Scroll            ||     1
   Stab: Distracted        ||     1
         Sleeping          ||     1
 Armour: Robe              ||    25
  Dodge: Dodged            ||    22
